 Dungeon Crawl Stone Soup version 0.23.2-30-g0e89c35649 (webtiles) character file.

Game seed: 6883026627103750875

3 Masnef the Vexing (level 1, 0/7 HPs)
             Began as a Felid Enchanter on June 24, 2019.
             Slain by a leopard gecko (4 damage)
             ... on level 1 of the Dungeon.
             The game lasted 00:00:40 (352 turns).

Masnef the Vexing (Felid Enchanter)                  Turns: 352, Time: 00:00:41

Health: 0/7        AC:  1    Str:  4    XL:     1   Next: 41%
Magic:  3/4        EV: 18    Int: 16    God:
Gold:   11         SH:  0    Dex: 16    Spells: 3/4 levels left
                                        Lives:  0   Deaths: 0

rFire    . . .     SeeInvis +     - Unarmed
rCold    . . .     Gourm    .   (shield unavailable)
rNeg     . . .     Faith    .   (armour unavailable)
rPois    .         Spirit   .   (helmet unavailable)
rElec    .         Reflect  .   (cloak unavailable)
rCorr    .         Harm     .   (gloves unavailable)
MR       .....                  (boots unavailable)
Stlth    +++.......             (no amulet)
HPRegen  0.02/turn              (no ring)
MPRegen  0.09/turn              (no ring)

@: quick
A: very small, no armour, no weapons or thrown items, stealth, claws 1, fangs 3,
see invisible, carnivore, speed 1, shaggy fur 1, slow metabolism 1, sharp paws
a: no special abilities


You were on level 1 of the Dungeon.
You were not hungry.

You visited 1 branch of the dungeon, and saw 1 of its levels.

You collected 11 gold pieces.

Inventory:

Scrolls
 a - a scroll of fog {unknown}
 c - a scroll of remove curse {unknown}
Comestibles
 b - 3 rations


   Skills:
 + Level 2.8 Dodging
 - Level 4.0 Stealth
 * Level 1.2 Unarmed Combat
 - Level 2.0 Spellcasting
 - Level 4.5 Hexes


You had 3 spell levels left.
You knew the following spells:

 Your Spells              Type           Power        Failure   Level  Hunger
a - Corona                Hex            ###....      3%          1    #......

Your spell library contained the following spells:

 Spells                   Type           Power        Failure   Level  Hunger
 Confuse                  Hex            ###.....     10%         3    ###....
 Tukima's Dance           Hex            ###.....     10%         3    ###....
 Ensorcelled Hibernation  Hex/Ice        #.....       12%         2    ###....
 Dazzling Spray           Conj/Hex       #.....       24%         3    ###....


Dungeon Overview and Level Annotations

Branches:
Dungeon (1/15)

Altars:


Innate Abilities, Weirdness & Mutations

You cannot wear armour.
You are incapable of wielding weapons or throwing items.
Your paws allow you to move quietly. (Stealth)
You have sharp claws.
You have razor-sharp teeth.
You have supernaturally acute eyesight. (SInv)
You are carnivorous and can eat meat at any time.
You cover ground quickly.
You are covered in fur. (AC +1)
You have a slow metabolism.
Your sharp claws are effective at attacking unaware monsters.


Message History

Confirm with . or Enter, or press ? or * to list all spells.
Aiming: Corona (safe; 3% risk of failure)
Press: ? - help, Shift-Dir - straight line, f - leopard gecko
Aim: a leopard gecko (clinging, chance to defeat MR: 71%)
The leopard gecko is outlined in light.
The leopard gecko barely misses you.
You scratch the leopard gecko.
The leopard gecko is severely wounded.
The leopard gecko bites you.
The leopard gecko completely misses you.
You scratch the leopard gecko.
The leopard gecko is almost dead.
The leopard gecko misses you.
You scratch the leopard gecko but do no damage.
The leopard gecko is almost dead.
The leopard gecko barely misses you.
You barely miss the leopard gecko.
The leopard gecko is almost dead.
The leopard gecko bites you.
Ouch! That really hurt!
You die...

### ..# #.# #.# #.# #.####
.....## #.######## ......#
#...Kl...#####+## #.##..#
#@....##...## #.....#
###.#.#[#.....## .##...#
##.#.#.#.......>##
..#...#######.)..#.#.........#
..............§....+.........+
≈≈#########.##≈..###.........#
.≈....# #.#.≈#.###........##
.§§≈≈.### #.#.§#.....#.....##
....≈.§.#.#.#.≈########...##


You could see a leopard gecko and a kobold.

Vanquished Creatures
  A kobold (D:1)
  2 bats (D:1)
  A goblin (D:1)
4 creatures vanquished.

Notes
Turn   | Place    | Note
-------+----------+-------------------------------------------
     0 | D:1      | Masnef the Felid Enchanter began the quest for the Orb.
     0 | D:1      | Reached XP level 1. HP: 7/7 MP: 4/4
   352 | D:1      | Slain by a leopard gecko

Action                   || total
-------------------------++-------
Melee: Unarmed           ||    31
       Bite              ||     1
 Cast: Corona            ||     1
 Stab: Sleeping          ||     2
Armor: Skin              ||     6
Dodge: Dodged            ||    51
